 Dungeon Crawl Stone Soup version 0.30-a0-377-g5cb311bc9f (webtiles) character file.

Game seed: 57947386731288098

9845 qeuew the Pandemonic (level 11, -2/77 HPs)
             Began as a Demonspawn Monk on Nov 30, 2022.
             Was a High Priest of Makhleb.
             Slain by Joseph
             ... wielding a +1 quarterstaff of speed
              (13 damage)
             ... on level 1 of the Lair of Beasts.
             The game lasted 00:14:07 (7622 turns).

qeuew the Pandemonic (Demonspawn Monk)              Turns: 7622, Time: 00:14:08

Health: -2/77      AC: 16    Str: 22    XL:     11   Next: 28%
Magic:  29/29      EV: 16    Int: 11    God:    Makhleb [*****.]
Gold:   765        SH:  0    Dex: 19    Spells: 10/10 levels left

rFire   . . .      SeeInvis .    a - +1 mace
rCold   x . .      Faith    .    (no shield)
rNeg    . . .      Spirit   .    c - +0 steam dragon scales
rPois   +          Reflect  .    (helmet restricted)
rElec   .          Harm     .    d - +1 cloak {Will+}
rCorr   .          Rampage  .    r - +0 pair of gloves of the Flute {rPois Will++}
Will    +++..                    (no boots)
Stlth   ++........               k - amulet of regeneration
HPRegen 1.12/turn                o - ring of Xiwes {Contam Fly MP+9 Str+4 Dex+3}
MPRegen 0.21/turn                l - +4 ring of protection

@: flying
A: antennae 2, molten scales 1, demonic magic 2, frail 1, strong 1, wild magic
1, cold vulnerability 1, MP-powered wands
a: Renounce Religion, Minor Destruction, Lesser Servant of Makhleb, Major
Destruction, Greater Servant of Makhleb


You were on level 1 of the Lair of Beasts.
You worshipped Makhleb.
Makhleb was extremely pleased with you.
You visited 2 branches of the dungeon, and saw 12 of its levels.
You also visited: Bailey.

You collected 778 gold pieces.
You spent 13 gold pieces at shops.

Inventory:

Hand Weapons
 a - a +1 mace (weapon)
Armour
 c - +0 steam dragon scales (worn)
 d - a +1 cloak of willpower (worn)
 r - the +0 pair of gloves of the Flute (worn) {rPois Will++}
   (You found it in a bailey)

   rPois:     It protects you from poison.
   Will:      It greatly increases your willpower.
Jewellery
 k - an amulet of regeneration (around neck)
 l - a +4 ring of protection (right hand)
 o - the ring of Xiwes (left hand) {Contam Fly MP+9 Str+4 Dex+3}
   (You acquired it on level 3 of the Dungeon)

   [ring of flight]

   Str:       It affects your strength (+4).
   Dex:       It affects your dexterity (+3).
   MP:        It affects your magic capacity (+9).
   Fly:       It grants you flight.
   Contam:    It causes magical contamination when unequipped.
Wands
 j - a wand of flame (27)
 s - a wand of charming (12)
 v - a wand of polymorph (12)
Scrolls
 e - 3 scrolls of teleportation
 f - 2 scrolls of identify
 i - a scroll of magic mapping
 m - 5 scrolls of enchant weapon
 p - a scroll of blinking
 w - a scroll of summoning
Potions
 b - 2 potions of invisibility
 g - 3 potions of might
 n - 5 potions of curing
 q - 4 potions of mutation
 t - a potion of magic


   Skills:
 + Level 7.9 Fighting
 + Level 7.2 Maces & Flails
 + Level 6.5 Armour
 + Level 7.1 Dodging
 - Level 1.7 Stealth
 * Level 13.1 Invocations
 + Level 6.7 Evocations


You had 10 spell levels left.
You didn't know any spells.
Your spell library contained the following spells:

 Spells                   Type           Power      Damage    Failure   Level
 Summon Small Mammal      Summ           0%         N/A       43%         1
 Lightning Bolt           Conj/Air       0%         1d11      100%        5
 Summon Forest            Summ/Tloc      0%         N/A       100%        5
 Eringya's Noxious Bog    Tmut/Pois      0%         N/A       100%        6
 Summon Hydra             Summ           0%         N/A       100%        7
 Dragon's Call            Summ           0%         N/A       100%        9


Dungeon Overview and Level Annotations

Branches:
Dungeon (11/15)            Temple (0/1) D:6            Lair (1/5) D:10
    Orc (0/2) D:9          Bailey (visited)

Altars:
Ashenzari
Dithmenos
Fedhas
Gozag
Hepliaklqana
Kikubaaqudgha
Makhleb
Okawaru
Qazlal
Ru
Uskayaw
Vehumet
Xom
Yredelemnul

Shops:
D:2 !   D:8 ?

Annotations:
D:4 3 runed translucent doors, p00ps00p's ghost, amateur GnFi
D:10 2 transporters, Iich's ghost, novice MiBe
Lair:1 Joseph


Innate Abilities, Weirdness & Mutations

You have a pair of antennae on your head.
You are partially covered in molten scales. (AC +2)
Spells you cast may paralyse nearby enemies.
You are frail. (-10% HP)
Your muscles are strong. (Str +4, Int/Dex -1)
Your spells are a little harder to cast, but a little more powerful.
You are vulnerable to cold. (rC-)
You expend magic power (3 MP) to strengthen your wands.


Message History

Joseph misses you.
Joseph hits you with a +1 quarterstaff of speed.
Joseph is nearby!
You thump Joseph!
Joseph is severely wounded.
Joseph hits you with a +1 quarterstaff of speed!
You are too injured to fight recklessly!
You hit Joseph but do no damage.
Joseph is severely wounded.
Joseph hits you with a +1 quarterstaff of speed!
* * * LOW HITPOINT WARNING * * *
Joseph hits you but does no damage.
Unknown command.
You hit Joseph.
Joseph is severely wounded.
Joseph hits you but does no damage.
You completely miss Joseph.
Joseph is severely wounded.
Joseph hits you with a +1 quarterstaff of speed!
* * * LOW HITPOINT WARNING * * *
Joseph closely misses you.
Unknown command.
You closely miss Joseph.
Joseph is severely wounded.
Joseph hits you with a +1 quarterstaff of speed!
* * * LOW HITPOINT WARNING * * *
You feel better.
Joseph hits you with a +1 quarterstaff of speed!
* * * LOW HITPOINT WARNING * * *
Joseph closely misses you.
You feel better. Joseph closely misses you.
You hit Joseph.
Joseph is severely wounded.
Joseph hits you with a +1 quarterstaff of speed!
* * * LOW HITPOINT WARNING * * *
Joseph hits you but does no damage.
You hit Joseph but do no damage.
Joseph is severely wounded.
Joseph hits you with a +1 quarterstaff of speed!
You die...

#.....# #.....#
.###......
.......$.####
.........#..##.
...............
........@......
.......@.......
####...........
#...........
#...(...#...
#......## ##
#......#
#......+
#...$...


You could see Joseph (strong).

Vanquished Creatures
  A death yak (D:10)
  A cane toad (shapeshifter) (D:10)
  A kobold demonologist (D:10)
  Grinder (D:4)
  A hornet (D:10)
  Sigmund (D:6)
  6 yaks (D:9)
  2 wyverns
  Eustachio (D:5)
  3 steam dragons
  3 water moccasins (D:7)
  A sky beast (D:6)
  3 ice beasts
  2 orc warriors (Bailey)
  A centaur (D:8)
  3 ogres
  6 kobold brigands
  2 bullfrogs
  2 scorpions
  2 necrophages
  3 wights (D:6)
  22 killer bees
  2 howler monkeys
  2 orc priests (D:5)
  2 jellies
  5 hounds
  Crazy Yiuf (D:2)
  Ijyb (D:3)
  4 iguanas
  4 orc wizards
  A hell rat (D:10)
  Robin (D:3)
  7 adders
  A river rat (D:10)
  A shadow imp (D:6)
  3 white imps (D:7)
  3 ufetubi (D:5)
  4 dart slugs
  3 worms
  20 orcs
  9 ball pythons
  9 endoplasms
  A giant cockroach (D:3)
  16 goblins
  17 hobgoblins
  4 jackals (D:2)
  2 quokkas (D:4)
  5 bats
  2 frilled lizards (D:1)
  24 kobolds
  4 rats
226 creatures vanquished.

Vanquished Creatures (collateral kills)
  A boulder beetle (D:8)
  2 death yaks (D:10)
  3 orc warriors (Bailey)
  A black bear (D:4)
  2 howler monkeys (D:8)
  2 orc priests (D:10)
  An orc wizard (D:10)
  A white imp (D:4)
  2 orcs (D:10)
  A ball python (D:4)
16 creatures vanquished.

Vanquished Creatures (others)
  An orc (D:6)
  A rat (D:10)
2 creatures vanquished.

Grand Total: 244 creatures vanquished

Notes
Turn   | Place    | Note
-------+----------+-------------------------------------------
     0 | D:1      | qeuew the Demonspawn Monk began the quest for the Orb.
     0 | D:1      | Reached XP level 1. HP: 18/18 MP: 1/1
    81 | D:1      | Found a faded altar of an unknown god.
    94 | D:1      | Prayed at the altar of an unknown god.
    94 | D:1      | Became a worshipper of Makhleb the Destroyer
    94 | D:1      | Reached * piety under Makhleb
    94 | D:1      | Reached ** piety under Makhleb
   380 | D:1      | Gained mutation: You have a pair of small antennae on your
                  | head. [demonic ancestry]
   380 | D:1      | Reached XP level 2. HP: 23/24 MP: 2/2
   430 | D:1      | Reached skill level 1 in Invocations
   437 | D:1      | Reached *** piety under Makhleb
   606 | D:1      | You fall into a shaft and drop 1 floor!
   658 | D:2      | Reached XP level 3. HP: 29/29 MP: 4/4
   737 | D:2      | Found Geoskotz's Distillery.
   742 | D:2      | Bought a potion of degeneration for 13 gold pieces
   803 | D:2      | Reached skill level 2 in Invocations
   807 | D:2      | Reached skill level 1 in Armour
   980 | D:1      | Gained mutation: Your spells are a little harder to cast,
                  | but a little more powerful. [potion of mutation]
   980 | D:1      | Gained mutation: You are vulnerable to cold. (rC-) [potion
                  | of mutation]
   980 | D:1      | Gained mutation: You have hidden genetic potential. [potion
                  | of mutation]
  1215 | D:2      | Found a shimmering altar of Xom.
  1334 | D:2      | Found a runed translucent door.
  1335 | D:2      | Noticed Crazy Yiuf
  1512 | D:2      | Gained mutation: You are partially covered in molten
                  | scales. (AC +2) [demonic ancestry]
  1512 | D:2      | Reached XP level 4. HP: 34/35 MP: 5/5
  1595 | D:2      | Killed Crazy Yiuf
  1601 | D:2      | Gained mutation: You expend magic power (3 MP) to
                  | strengthen your wands. [hidden potential]
  1677 | D:3      | Reached skill level 3 in Invocations
  1761 | D:3      | Found a shimmering altar of Xom.
  1817 | D:3      | Noticed Ijyb
  1830 | D:3      | Killed Ijyb
  1831 | D:3      | Gained mutation: You have a pair of antennae on your head.
                  | [demonic ancestry]
  1831 | D:3      | Reached XP level 5. HP: 32/41 MP: 7/7
  1847 | D:3      | Found an ancient bone altar of Kikubaaqudgha.
  1965 | D:3      | Noticed Robin
  1968 | D:3      | Reached **** piety under Makhleb
  1978 | D:3      | Killed Robin
  2005 | D:3      | Gained mutation: Your muscles are strong. (Str +4, Int/Dex
                  | -1) [hidden potential]
  2005 | D:3      | Lost mutation: You have hidden genetic potential. [hidden
                  | potential expressed]
  2025 | D:3      | Found a sacrificial altar of Ru.
  2074 | D:3      | Noticed an ice beast
  2090 | D:3      | Killed an ice beast
  2091 | D:3      | Reached skill level 4 in Invocations
  2091 | D:3      | Reached XP level 6. HP: 41/48 MP: 7/9
  2344 | D:3      | Identified a scroll of acquirement
  2344 | D:3      | Acquired the ring of Xiwes {Contam Fly MP+9 Str+4 Dex+3}
  2349 | D:3      | Reached skill level 5 in Maces & Flails
  2349 | D:3      | Reached skill level 5 in Dodging
  2349 | D:3      | Reached skill level 9 in Invocations
  2349 | D:3      | Gained mutation: Spells you cast may paralyse adjacent
                  | enemies. [demonic ancestry]
  2349 | D:3      | Reached XP level 7. HP: 58/58 MP: 9/14
  2432 | D:4      | Found a runed translucent gate.
  2455 | D:4      | Found an iron altar of Okawaru.
  2534 | D:4      | Noticed Grinder
  2543 | D:4      | Killed Grinder
  2544 | D:4      | Reached skill level 10 in Invocations
  3163 | D:4      | Found a runed translucent gate.
  3163 | D:4      | Found a runed translucent gate.
  3172 | D:4      | Noticed p00ps00p's ghost (amateur GnFi)
  3428 | D:5      | Entered Level 5 of the Dungeon
  3432 | D:5      | Found a hide-covered altar of Uskayaw.
  3464 | D:5      | Reached XP level 8. HP: 40/64 MP: 15/15
  3498 | D:5      | Reached skill level 5 in Armour
  3573 | D:5      | Noticed Eustachio
  3603 | D:5      | Killed Eustachio
  3786 | D:5      | Reached skill level 5 in Evocations
  4079 | D:6      | Reached ***** piety under Makhleb
  4146 | D:6      | Got the Compilation of Conduction and Invitation
  4160 | D:6      | Found a radiant altar of Vehumet.
  4263 | D:6      | Found a staircase to the Ecumenical Temple.
  4516 | D:6      | Reached XP level 9. HP: 57/70 MP: 16/16
  4705 | D:6      | Found a basalt altar of Yredelemnul.
  4761 | D:6      | Found a faded altar of an unknown god.
  4762 | D:6      | Noticed Sigmund
  4764 | D:6      | Found a hazy altar of Hepliaklqana.
  4767 | D:6      | Killed Sigmund
  5013 | D:7      | Reached skill level 11 in Invocations
  5364 | D:7      | Found a burning altar of Makhleb.
  5517 | D:7      | Found a broken altar of Ashenzari.
  5632 | D:8      | Found a flagged portal.
  5651 | Bailey   | Entered a bailey
  5723 | Bailey   | Identified the +0 pair of gloves of the Flute {rPois
                  | Will++}
  5757 | Bailey   | Found a burning altar of Makhleb.
  5783 | Bailey   | Identified the +0 robe of the Comet {rElec Int+4}
  5855 | D:8      | Gained mutation: Spells you cast may paralyse nearby
                  | enemies. [demonic ancestry]
  5855 | D:8      | Reached XP level 10. HP: 79/79 MP: 18/18
  5922 | D:8      | Found Vinn's Magic Scroll Boutique.
  6108 | D:8      | Noticed a boulder beetle
  6117 | D:8      | Killed a boulder beetle
  6340 | D:9      | Reached skill level 12 in Invocations
  6506 | D:9      | Found a staircase to the Orcish Mines.
  6520 | D:9      | Found an opulent altar of Gozag.
  6915 | D:9      | Found a shadowy altar of Dithmenos.
  6950 | D:10     | Entered Level 10 of the Dungeon
  7097 | D:10     | Gained mutation: You are frail. (-10% HP) [a neqoxec]
  7177 | D:10     | Found a staircase to the Lair.
  7179 | D:10     | Noticed a death yak
  7179 | D:10     | Noticed a death yak
  7181 | D:10     | Noticed a death yak
  7200 | D:10     | Killed a death yak
  7200 | D:10     | HP: 2/106 [death yak (11)]
  7201 | D:10     | Reached XP level 11. HP: 2/75 MP: 20/20
  7201 | D:10     | Killed a death yak
  7204 | D:10     | Killed a death yak
  7258 | D:10     | Found a blossoming altar of Fedhas.
  7260 | D:10     | Found a stormy altar of Qazlal.
  7267 | D:10     | Identified the +7 dire flail of the Lettuce {vorpal, rF++
                  | Str+5 Stlth+}
  7267 | D:10     | Identified the +4 dire flail of Fortitude {drain, *Noise
                  | Int+3 Dex+4}
  7267 | D:10     | Noticed a two-headed ogre
  7274 | D:10     | Noticed a two-headed ogre
  7278 | D:10     | Reached skill level 13 in Invocations
  7278 | D:10     | Found a transporter.
  7279 | D:10     | Noticed a two-headed ogre
  7279 | D:10     | Noticed a two-headed ogre
  7290 | D:10     | Noticed a two-headed ogre
  7292 | D:10     | Noticed Iich's ghost (novice MiBe)
  7511 | D:10     | Found a transporter.
  7582 | D:11     | Noticed a purple ugly thing
  7608 | Lair:1   | Entered Level 1 of the Lair of Beasts
  7608 | Lair:1   | Noticed Joseph
  7622 | Lair:1   | Slain by Joseph

Illustrated notes

Levels and vault maps discovered:
D:1:      minmay_arrival_open_corners, layout_basic,
          shapermc_ecumenical_altar_pompeii, nicolae_figureground_sparkle
D:2:      layout_loops_ring, basic_altar, serial_shops, nicolae_square_shop,
          kennysheep_generic_room_5, uniq_crazy_yiuf_cottage
D:3:      layout_loops_cross, kiku_gazebo_garden_becter, lemuel_tele_altar,
          mainiacjoe_overflow_chevrons, uniq_ijyb, uniq_robin
D:4:      cheibrodos_quashed, layout_basic, okawaru_trees_1,
          gammafunk_ghost_necromancy, minivault_25, grunt_decor_resistance,
          minmay_fractal_squares_diagonal_5, uniq_grinder
D:5:      layout_rooms, nicolae_uskayaw_murder_on_the_dancefloor,
          chequers_decorated_corner, uniq_eustachio
D:6:      layout_loops_ring, nicolae_vehumet_altar_sigil,
          beargit_hepliaklqana_dungeon_heroes, mainiacjoe_overflow_alcove_2,
          minmay_temple_entry_statues_pillars
D:7:      layout_loops_ring, marbit_many_paths, amcnicky_altar_gilded,
          minivault_23
D:8:      layout_rooms, enter_bailey_4, serial_shops, shop_fountains
D:9:      layout_roguey, lemuel_crystal_altar, kennysheep_mini_moat, orc_0_dummy
D:10:     layout_cave_pools, grunt_temple_overflow_forces_of_nature,
          dpeg_lair_monsters, gammafunk_ghost_smash
D:11:     layout_gridville, enter_trove_5
Lair:1:   layout_regular_city, serial_bayou_shore_a,
          infiniplex_staircase_pool_2, grunt_megastairs_1, uniq_urug,
          uniq_joseph

Skill      XL: |  1  2  3  4  5  6  7  8  9 10 11 |
---------------+----------------------------------+-----
Invocations    | 1 2 3 4 9 10 11 12 13 | 13.1
Dodging        | 3 5 6 7 |  7.1
Armour         | 1 4 5 6 |  6.5
Maces & Flails | 3 5 6 7 |  7.2
Fighting       | 6 7 |  7.9
Evocations     | 4 5 6 |  6.7
Stealth        | |  1.7

Action                   |  1- 3 |  4- 6 |  7- 9 | 10-12 || total
-------------------------+-------+-------+-------+-------++-------
Melee: Mace              |    29 |    35 |   186 |    80 ||   330
       Punch             |       |       |     3 |       ||     3
Invok: Minor Destruction |    59 |    45 |   185 |   147 ||   436
       Lesser Servant of |       |       |     4 |     5 ||     9
       Major Destruction |       |       |       |     2 ||     2
  Use: Scroll            |     4 |     6 |     6 |     3 ||    19
       Potion            |     2 |     4 |     4 |     3 ||    13
 Stab: Sleeping          |     1 |       |       |       ||     1
       Distracted        |       |       |     1 |     1 ||     2
Armor: Robe              |    12 |    14 |     9 |       ||    35
       Ring mail         |       |       |    88 |       ||    88
       Steam dragon scal |       |       |    51 |   120 ||   171
Dodge: Dodged            |    42 |    26 |   346 |   278 ||   692

Table legend: (Time is in decaauts)
 A = Elapsed time spent in this place.
 B = Non-inter-level travel time spent in this place.
 C = Inter-level travel time spent in this place.
 D = Time resting spent in this place.
 E = Time spent auto-exploring this place.
 F = Levels seen in this place.
 G = Mean time per level.
                   A        B        C        D        E       F      G
               +--------+--------+--------+--------+--------+-----+--------+
         Total |   7673 |   7252 |    421 |     85 |   5628 |  13 |  590.2 |
       Dungeon |   7478 |   7058 |    420 |     85 |   5546 |  11 |  679.8 |
          Lair |     14 |     14 |      0 |      0 |      0 |   1 |   14.0 |
        Bailey |    180 |    180 |      0 |      0 |     82 |   1 |  180.0 |
               +--------+--------+--------+--------+--------+-----+--------+

Top non-repeatable levels by time:
     D:4: 1042 daAuts
     D:6: 924 daAuts
     D:2: 863 daAuts
     D:1: 815 daAuts
     D:3: 731 daAuts
     D:7: 725 daAuts
     D:9: 682 daAuts
    D:10: 666 daAuts
     D:5: 537 daAuts
     D:8: 488 daAuts
  Bailey: 180 daAuts
  Lair:1: 14 daAuts
    D:11: 1 daAuts
